 Dungeon Crawl Stone Soup version 0.27-a0-1193-g8631133539 (webtiles) character file.

Game seed: 7792660024090686006

1998 lightspider the Magician (level 9, -3/49 HPs)
             Began as a Deep Elf Air Elementalist on May 26, 2021.
             Was a Follower of Fedhas.
             Succumbed to a killer bee's poison
             ... on level 8 of the Dungeon.
             The game lasted 01:06:48 (10246 turns).

lightspider the Magician (DEAE)                    Turns: 10246, Time: 01:06:49

Health: -3/49      AC: 11    Str:  7    XL:     9   Next: 2%
Magic:  13/20      EV: 14    Int: 22    God:    Fedhas [*.....]
Gold:   420        SH:  0    Dex: 15    Spells: 2/20 levels left

rFire    . . .     SeeInvis +   L - staff of earth
rCold    . . .     Faith    .   (no shield)
rNeg     . . .     Spirit   .   B - +1 robe {Archmagi}
rPois    .         Reflect  .   (no helmet)
rElec    .         Harm     .   u - +0 cloak
rCorr    .         Rampage  .   N - +0 pair of gloves
Will     .....                  n - +1 pair of boots
Stlth    +++.......             o - amulet of magic regeneration
HPRegen  0.16/turn              E - ring of see invisible
MPRegen  0.42/turn              M - +4 ring of protection

@: lethally poisoned (-3 -> -19), sluggish, very slow
A: MP-powered wands
a: Renounce Religion


You were on level 8 of the Dungeon.
You worshipped Fedhas.
Fedhas was aware of your devotion.
You visited 2 branches of the dungeon, and saw 9 of its levels.

You collected 420 gold pieces.

Inventory:

Hand Weapons
 b - a +0 spear
 m - a +0 long sword
 v - a +1 dagger of freezing
 D - a +0 short sword of holy wrath
Missiles
 l - 97 bolts
 t - 182 stones
 A - 11 poisoned darts
Armour
 a - a +0 robe
 n - a +1 pair of boots (worn)
 u - a +0 cloak (worn)
 B - a +1 robe of the Archmagi (worn)
 N - a +0 pair of gloves (worn)
Magical Staves
 L - a staff of earth (weapon)
Jewellery
 o - an amulet of magic regeneration (around neck)
 E - a ring of see invisible (left hand)
 K - a ring of poison resistance
 M - a +4 ring of protection (right hand)
Wands
 z - a wand of iceblast (13)
 J - a wand of digging (4)
Scrolls
 c - a scroll of identify
 f - a scroll of acquirement {unknown}
 i - 2 scrolls of immolation {unknown}
 p - 3 scrolls of amnesia {unknown}
 q - 2 scrolls of noise {unknown}
 x - a scroll of blinking {unknown}
 y - a scroll of brand weapon {unknown}
 C - 2 scrolls of magic mapping {unknown}
 G - a scroll of enchant weapon {unknown}
 H - 2 scrolls of fear {unknown}
 I - a scroll of torment {unknown}
Potions
 d - 2 potions of curing
 e - 3 potions of magic
 g - 2 potions of flight
 h - 2 potions of haste {unknown}
 j - a potion of ambrosia {unknown}
 k - 2 potions of brilliance
 r - a potion of lignification {unknown}
 s - 2 potions of heal wounds {unknown}
 w - a potion of attraction {unknown}
 F - 2 potions of degeneration {unknown}


   Skills:
 + Level 2.9 Fighting
 + Level 3.1(3.2) Short Blades
 - Level 1.0(2.1) Long Blades
 + Level 5.8 Dodging
 + Level 6.3 Stealth
 + Level 6.4 Spellcasting
 * Level 5.3 Conjurations
 + Level 5.6 Air Magic
 + Level 1.0 Earth Magic


You had 2 spell levels left.
You knew the following spells:

 Your Spells              Type           Power      Damage    Failure   Level
a - Shock                 Conj/Air       100%       1d9       1%          1
b - Swiftness             Air            48%        N/A       2%          3
c - Airstrike             Air            24%        N/A       9%          4
d - Static Discharge      Conj/Air       47%        N/A       1%          2
e - Searing Ray           Conj           92%        3d6       1%          2
f - Lightning Bolt        Conj/Air       23%        1d39      26%         5
g - Sandblast             Erth           52%        2d12      5%          1

Your spell library contained the following spells:

 Spells                   Type           Power      Damage    Failure   Level
 Magic Dart               Conj           100%       1d8       1%          1
 Passwall                 Tmut/Erth      17%        N/A       11%         2
 Stone Arrow              Conj/Erth      96%        3d13      7%          3
 Dazzling Flash           Conj/Hex       56%        N/A       9%          3
 Fulminant Prism          Conj/Hex       14%        3d9       28%         4
 Iskenderun's Mystic Bla  Conj/Tloc      28%        2d7       28%         4
 Petrify                  Tmut/Erth      21%        N/A       56%         4
 Lee's Rapid Deconstruct  Erth           13%        3d10*     83%         5


Dungeon Overview and Level Annotations

Branches:
Dungeon (8/15)             Temple (1/1) D:7
   Lair: D:8-11

Altars:
Ashenzari
Cheibriados
Dithmenos
Elyvilon
Fedhas
Gozag
Hepliaklqana
Kikubaaqudgha
Makhleb
Nemelex Xobeh
Okawaru
Qazlal
Ru
Sif Muna
Trog
Uskayaw
Vehumet
Wu Jian
Xom
Yredelemnul
Zin
The Shining One

Shops:
D:1 (   D:8 ::

Annotations:
D:7 Pikel


Innate Abilities, Weirdness & Mutations

You expend magic power (3 MP) to strengthen your wands.


Message History

Aim: a killer bee (lightly wounded, 48% to hit)
You feel a surge of power!
The zap misses the killer bee.
The zap hits the killer bee.
The killer bee is moderately wounded.
The zap hits the killer bee!
The killer bee is heavily wounded.
You start to feel a little slower.
You feel sick.
The killer bee stings you but does no damage.
The killer bee stings you.
You feel sick.
You are no longer poisoned.
The killer bee barely misses you.
The killer bee stings you but does no damage.
The killer bee stings you but does no damage.
The killer bee stings you. The killer bee completely misses you.
You feel sluggish. The killer bee closely misses you.
The killer bee closely misses you. x2
The killer bee stings you but does no damage.
The killer bee stings you.
You are poisoned.
The killer bee poisons you!
The killer bee stings you but does no damage.
The killer bee stings you.
You are more poisoned.
The killer bee poisons you! The killer bee stings you.
You are lethally poisoned!
The killer bee poisons you! The killer bee stings you!
* * * LOW HITPOINT WARNING * * *
* * * LOW HITPOINT WARNING * * *
You feel extremely sick. The killer bee stings you.
* * * LOW HITPOINT WARNING * * *
The killer bee completely misses you.
The killer bee stings you but does no damage.
There is a stone staircase leading up here.
You die...
Fedhas appreciates your contribution to the ecosystem.

............# #.# #
##.<#.....#.###.#####..>....
###.#........##............
..........†....[.####....^.
###..#[.##.#..#.## ...
##...)##..#†#.# #.#
#####.....#.#.#.# #.#
...#...##.......###### #.#
##..............@y...####.#
###..###....#...yy........###
#...## ####......###..###...###
#.### ##.....# ##....y....###
#.##########.....#########.#.....
[.##[............................
[....[.............#######.####..
.###..........#.....# #.# ##. ##
############..#..#### #.# ##


You could see 3 killer bees.

Vanquished Creatures
  A water moccasin (D:7)
  An orc warrior (D:4)
  3 sky beasts
  A black bear (D:5)
  2 phantoms
  3 lemures
  A kobold brigand (D:6)
  3 bullfrogs
  A scorpion (D:7)
  2 water moccasin skeletons (D:6)
  3 killer bees (D:8)
  3 wights (D:8)
  2 centaur zombies (D:6)
  2 jellies
  A hound (D:7)
  An orc priest (D:6)
  2 iguanas
  4 orc wizards
  A killer bee zombie (D:8)
  A howler monkey zombie (D:6)
  4 gnolls (D:7)
  7 adders
  A white imp (D:8)
  2 ufetubi
  A worm (D:3)
  3 dart slugs
  15 orcs
  9 bats
  4 endoplasms
  4 giant cockroaches
  4 goblins
  9 hobgoblins
  11 jackals
  6 kobolds
  2 quokkas
  3 ball pythons
  3 frilled lizards
  A jackal skeleton (D:4)
  10 rats
137 creatures vanquished.

Vanquished Creatures (others)
  3 plants
3 creatures vanquished.

Grand Total: 140 creatures vanquished

Notes
Turn   | Place    | Note
-------+----------+-------------------------------------------
     0 | D:1      | lightspider the Deep Elf Air Elementalist began the quest
                  | for the Orb.
     0 | D:1      | Reached XP level 1. HP: 10/10 MP: 6/6
   303 | D:1      | Reached XP level 2. HP: 12/15 MP: 0/8
   655 | D:1      | Found Hydunt's Antique Weapon Boutique.
  1541 | D:1      | Reached XP level 3. HP: 19/19 MP: 4/9
  1692 | D:1      | Learned a level 3 spell: Swiftness
  1847 | D:2      | Found a faded altar of an unknown god.
  2093 | D:2      | Found a hide-covered altar of Uskayaw.
  2610 | D:3      | Reached XP level 4. HP: 24/24 MP: 7/11
  2854 | D:3      | Found a shadowy altar of Dithmenos.
  2888 | D:3      | Noticed a sky beast
  3082 | D:2      | Learned a level 4 spell: Airstrike
  3153 | D:3      | Killed a sky beast
  3154 | D:3      | Reached XP level 5. HP: 19/28 MP: 4/13
  3534 | D:3      | Gained mutation: You expend magic power (3 MP) to
                  | strengthen your wands. [potion of mutation]
  3654 | D:4      | Noticed an orc warrior
  3888 | D:3      | Learned a level 2 spell: Static Discharge
  3905 | D:4      | Killed an orc warrior
  3906 | D:4      | Reached XP level 6. HP: 3/33 MP: 6/14
  4264 | D:4      | Noticed a yak
  4270 | D:4      | Reached skill level 1 in Long Blades
  4272 | D:4      | Noticed a yak
  4275 | D:4      | Noticed a yak
  4465 | D:4      | Noticed a yak
  4465 | D:4      | Noticed a yak
  4475 | D:4      | Reached skill level 1 in Fighting
  5004 | D:5      | Entered Level 5 of the Dungeon
  5359 | D:5      | Noticed an ice beast
  6216 | D:6      | Noticed a sky beast
  6240 | D:5      | Killed a sky beast
  6241 | D:5      | Reached skill level 1 in Short Blades
  6241 | D:5      | Reached XP level 7. HP: 17/38 MP: 9/16
  6426 | D:5      | Reached skill level 5 in Spellcasting
  6760 | D:6      | Reached skill level 5 in Stealth
  7176 | D:6      | Reached skill level 5 in Dodging
  7178 | D:6      | Reached XP level 8. HP: 35/44 MP: 10/18
  7826 | D:7      | Reached skill level 5 in Air Magic
  7829 | D:7      | Noticed Pikel
  8174 | D:6      | Learned a level 2 spell: Searing Ray
  8180 | D:6      | Learned a level 5 spell: Lightning Bolt
  8190 | D:7      | Found a staircase to the Ecumenical Temple.
  8199 | Temple   | Entered the Ecumenical Temple
  8249 | Temple   | Became a worshipper of Fedhas Madash
  9895 | D:7      | Learned a level 1 spell: Sandblast
 10019 | D:8      | Reached skill level 5 in Conjurations
 10043 | D:8      | Found Vegumian's Book Emporium.
 10136 | D:8      | Found Rijew's Book Shop.
 10216 | D:8      | Reached * piety under Fedhas
 10217 | D:8      | Reached skill level 1 in Earth Magic
 10217 | D:8      | Reached XP level 9. HP: 49/49 MP: 12/20
 10245 | D:8      | HP: 1/49 [killer bee (6)]
 10246 | D:8      | Succumbed to a killer bee's poison

Illustrated notes

Levels and vault maps discovered:
D:1:      ebering_trefoil_twist, layout_basic, serial_shops,
          nicolae_shop_crystal
D:2:      layout_rooms, basic_altar, shapermc_ecumenical_altar_mp_ritualfount
D:3:      layout_rooms, lemuel_tele_altar, serial_glass, glass_columns_b,
          glass_columns_c, glass_columns_a, glass_columns_c, glass_columns_a,
          serial_bayou_lagoon_b
D:4:      layout_basic
D:5:      layout_loops_corners
D:6:      layout_loops_cross
D:7:      layout_basic, minmay_temple_entry_nine_rooms, uniq_pikel
D:8:      layout_rooms, serial_shops, shop, nicolae_shop_trees
Temple:   minmay_crystal_snake_temple

Skill      XL: |  1  2  3  4  5  6  7  8 |
---------------+-------------------------+-----
Stealth        | 3 4 5 6 |  6.3
Dodging        | 3 4 5 |  5.8
Conjurations   | 2 3 4 5 |  5.3
Spellcasting   | 4 5 6 |  6.4
Air Magic      | 4 5 |  5.6
Long Blades    | 1 |  1.0
Fighting       | 1 2 |  2.9
Short Blades   | 1 2 3 |  3.1
Earth Magic    | 1 |  1.0

Action                   |  1- 3 |  4- 6 |  7- 9 || total
-------------------------+-------+-------+-------++-------
Melee: Spear             |    23 |     2 |       ||    25
       Long sword        |       |    22 |       ||    22
       Dagger            |       |     9 |    17 ||    26
 Cast: Shock             |    67 |    92 |   110 ||   269
       Swiftness         |       |     8 |     5 ||    13
       Airstrike         |       |     5 |       ||     5
       Static Discharge  |       |     8 |    22 ||    30
       Sandblast         |       |       |     8 ||     8
       Lightning Bolt    |       |       |     4 ||     4
       Searing Ray       |       |       |     3 ||     3
Evoke: Wand              |       |       |     9 ||     9
  Use: Scroll            |     1 |     2 |     2 ||     5
       Potion            |       |     1 |       ||     1
 Stab: Sleeping          |     1 |       |       ||     1
Armor: Robe              |     8 |    16 |    25 ||    49
Dodge: Dodged            |    25 |    33 |    64 ||   122
       Rpst.: Long sword |       |     9 |       ||     9

Table legend: (Time is in decaauts)
 A = Elapsed time spent in this place.
 B = Non-inter-level travel time spent in this place.
 C = Inter-level travel time spent in this place.
 D = Time resting spent in this place.
 E = Time spent auto-exploring this place.
 F = Levels seen in this place.
 G = Mean time per level.
                   A        B        C        D        E       F      G
               +--------+--------+--------+--------+--------+-----+--------+
         Total |  10269 |  10086 |    183 |   2663 |   5248 |   9 | 1141.0 |
       Dungeon |  10060 |   9923 |    137 |   2663 |   5104 |   8 | 1257.5 |
        Temple |    208 |    162 |     46 |      0 |    144 |   1 |  208.0 |
               +--------+--------+--------+--------+--------+-----+--------+

Top non-repeatable levels by time:
     D:1: 1693 daAuts
     D:6: 1685 daAuts
     D:3: 1528 daAuts
     D:5: 1506 daAuts
     D:7: 1186 daAuts
     D:4: 991 daAuts
     D:2: 959 daAuts
     D:8: 508 daAuts
  Temple: 208 daAuts
